 Dungeon Crawl Stone Soup version 0.18.1-1-g2f07953 (webtiles) character file.

98 RKaid the Charlatan (level 4, 0/34 HPs)
             Began as a Demonspawn Artificer on May 7, 2016.
             Succumbed to a worker ant's poison
             ... on level 4 of the Dungeon.
             The game lasted 00:10:25 (3312 turns).

RKaid the Charlatan (Demonspawn Artificer)          Turns: 3312, Time: 00:10:25

Health: 0/34       AC:  4    Str: 12    XL:     4   Next: 43%
Magic:  3/6        EV: 12    Int: 13    God:
Gold:   134        SH:  0    Dex: 14    Spells: 0 memorised, 3 levels left

rFire  . . .     SeeInvis .     b - +0 hand axe
rCold  . . .     Gourm    .     u - +0 leather armour
rNeg   . . .     Faith    .     (no shield)
rPois  .         Spirit   +     h - +0 helmet
rElec  .         Dismiss  .     (no cloak)
rCorr  .         Reflect  .     (no gloves)
SustAt .         Harm     .     (no boots)
MR     .....                    (no amulet)
Stlth  +.........               (no ring)
                                (no ring)

@: lethally poisoned (0 -> -26), not resistant to hostile enchantments, very
unstealthy
A: talons 1, magic shield, rot immunity
a: no special abilities


You were on level 4 of the Dungeon.
You were not hungry.

You visited 1 branch of the dungeon, and saw 4 of its levels.

You collected 134 gold pieces.

Inventory:

Hand Weapons
 a - a +0 short sword
 b - a +0 hand axe (weapon)
   (You found it on level 3 of the Dungeon)
Missiles
 o - 135 stones (quivered)
Armour
 h - a +0 helmet (worn)
   (You found it on level 1 of the Dungeon)
 u - a +0 leather armour (worn)
Wands
 c - a wand of flame (10/48)
 d - a wand of enslavement (13/24)
 e - a wand of random effects (15/48)
 s - a wand of polymorph (12/24)
   (You took it off a kobold on level 3 of the Dungeon)
Scrolls
 g - 8 scrolls of identify {unknown}
 j - a scroll of amnesia {unknown}
 m - a scroll of remove curse {unknown}
 p - 3 scrolls of magic mapping {unknown}
 w - a scroll of fear {unknown}
 x - a scroll of immolation {unknown}
 y - a scroll of enchant armour {unknown}
Potions
 i - a potion of resistance
 k - a potion of invisibility {unknown}
 l - a potion of heal wounds {unknown}
 n - a potion of agility {unknown}
 q - a potion of ambrosia {unknown}
 r - a potion of might {unknown}
 t - 2 potions of berserk rage {unknown}
 v - a potion of flight {unknown}
Comestibles
 f - 4 bread rations
 z - a chunk of flesh


   Skills:
 * Level 2.8 Fighting
 - Level 2.2 Short Blades
 * Level 1.0 Axes
 - Level 1.7 Dodging
 - Level 0.8 Stealth
 + Level 3.3 Evocations


You had 3 spell levels left.
You didn't know any spells.

Dungeon Overview and Level Annotations

Branches:
Dungeon (4/15)
 Temple: D:4-7

Altars:
Kikubaaqudgha

Shops:
D:4 (

Annotations:
D:4 malin's ghost, amateur MfAK


Innate Abilities, Weirdness & Mutations

You have sharp toenails.
When hurt, damage is shared between your health and your magic reserves.
You are immune to rotting.


Message History

You see here a plate armour.
Found an escape hatch in the ceiling.
p - 3 scrolls labeled USUCVA TYKOGH (gained 1) Eat which item? (? for menu, Esc to quit)
Okay, then.
Done exploring.
Done exploring.
You see here a plate armour.
There is a stone staircase leading down here.
You climb downwards.
There is a stone staircase leading up here.
f - 4 bread rations (gained 1) Malin's ghost (amateur Merfolk Abyssal Knight) comes into view.
Malin's ghost turns its malevolent gaze towards you.
Unknown command.
Press: ? - help, v - describe, . - travel The floor.
There is a stone staircase leading up here.
You climb upwards.
There is a stone staircase leading down here.
You are near starving!
Adjust (i)tems, (s)pells, or (a)bilities?
Adjust which item? (? for menu, Esc to quit)
u - a +0 hand axe (weapon)
Adjust to which letter? (? for menu, Esc to quit)
b - a +0 hand axe (weapon);
u - a +0 leather armour (worn)
Eat which item? (? for menu, Esc to quit)
You continue eating. x2
You finish eating.
That bread ration really hit the spot!
The dart slug launches a dart at you. The slug dart hits you!
Your leather armour prevents you from hitting the dart slug.
The dart slug bites you but does no damage.
You hit the dart slug but do no damage.
The dart slug bites you but does no damage.
You hit the dart slug. You barely miss the dart slug. The dart slug misses you.
You hit the dart slug. The dart slug launches a dart at you.
The slug dart misses you.
You hit the dart slug.
You kill the dart slug!
You see here a dart slug corpse.
You butcher the dart slug corpse.
z - a chunk of flesh
Things that are here:
a short sword; a rat skeleton
There is a stone staircase leading down here.
You climb downwards.
Level annotation: malin's ghost, amateur MfAK
There is a stone staircase leading up here.
Found Sanuny's Antique Weapon Shop.
t - 2 fizzy silvery potions (gained 1)
You now have 134 gold pieces (gained 11).
g - 8 scrolls labeled DEANLU MISUDD (gained 1)
y - a scroll labeled ASAITE HOITT
Found an escape hatch in the floor.
Found a scroll labeled SIDATSYH SOUM.
Found a stone staircase leading down.
f - 4 bread rations (gained 1)
A worker ant comes into view.
You see here a scroll labeled SIDATSYH SOUM.
You hit the worker ant but do no damage.
The worker ant misses you. The worker ant closely misses you.
You closely miss the worker ant.
You claw the worker ant, but do no damage.
The worker ant bites you.
You are poisoned.
The worker ant poisons you!
You closely miss the worker ant.
You feel sick.
The worker ant bites you but does no damage.
The worker ant barely misses you.
You closely miss the worker ant.
You feel sick. The worker ant bites you.
You are more poisoned.
The worker ant poisons you! The worker ant closely misses you.
You closely miss the worker ant.
You claw the worker ant, but do no damage.
You feel sick. The worker ant bites you.
You hit the worker ant but do no damage.
You feel sick. The worker ant bites you. The worker ant closely misses you.
You hit the worker ant but do no damage.
You claw the worker ant, but do no damage.
You feel sick. The worker ant closely misses you.
You barely miss the worker ant.
You feel sick. The worker ant bites you.
* * * LOW HITPOINT WARNING * * *
The worker ant bites you.
* * * LOW HITPOINT WARNING * * *
You are more poisoned.
The worker ant poisons you!
You hit the worker ant. You claw the worker ant.
* * * LOW HITPOINT WARNING * * *
You feel sick. The worker ant closely misses you.
You closely miss the worker ant.
You claw the worker ant, but do no damage.
* * * LOW HITPOINT WARNING * * *
You feel sick. The worker ant bites you.
* * * LOW HITPOINT WARNING * * *
You are more poisoned.
The worker ant poisons you! The worker ant barely misses you.
You hit the worker ant.
You die...

#.........#
#.........#
#.........#
#.........#
#>........#
...........#
>..........#
...........#
..........@#
..........a#
######.....#
#.....#
#.[...#
#.....#
#.....#
#.....#


You could see a worker ant.

Vanquished Creatures
  4 adders
  2 worms
  2 dart slugs
  2 giant geckos (D:3)
  2 ball pythons
  A giant cockroach (D:1)
  8 goblins
  8 hobgoblins
  2 jackals (D:1)
  5 bats
  5 giant newts
  5 kobolds
  5 rats
51 creatures vanquished.

Vanquished Creatures (collateral kills)
  A jackal (D:1)
1 creature vanquished.

Vanquished Creatures (others)
  A ghoul (D:1)
  An octopode (D:1)
  3 vine stalkers (D:1)
  A troll (D:1)
  A spriggan (D:1)
  A vampire (D:1)
  A human (D:1)
  A naga (D:1)
  A centaur (D:1)
  A mummy (D:1)
  An orc (D:1)
  A jackal (D:1)
  2 kobolds (D:1)
  8 tentacles (D:1)
  51 tentacle segments (D:1)
75 creatures vanquished.

Grand Total: 127 creatures vanquished

Notes
Turn   | Place    | Note
--------------------------------------------------------------
     0 | D:1      | RKaid the Demonspawn Artificer began the quest for the Orb.
     0 | D:1      | Reached XP level 1. HP: 15/15 MP: 3/3
     2 | D:1      | Noticed a naga
     2 | D:1      | Noticed a centaur
     2 | D:1      | Noticed a vine stalker
     2 | D:1      | Noticed a vampire
     2 | D:1      | Noticed a vine stalker
     2 | D:1      | Noticed an octopode
     2 | D:1      | Noticed a kraken
     2 | D:1      | Noticed a ghoul
     2 | D:1      | Noticed a spriggan
     2 | D:1      | Noticed a vine stalker
     2 | D:1      | Noticed a human
     2 | D:1      | Noticed a troll
     4 | D:1      | Killed a human
     4 | D:1      | Killed a centaur
     6 | D:1      | Killed a spriggan
     7 | D:1      | Killed a vine stalker
     7 | D:1      | Killed an octopode
     9 | D:1      | Killed a vine stalker
     9 | D:1      | Killed a vine stalker
    10 | D:1      | Killed a naga
    11 | D:1      | Killed a vampire
    13 | D:1      | Killed a troll
    17 | D:1      | Killed a ghoul
    20 | D:1      | Reached skill level 1 in Short Blades
   133 | D:1      | HP: 3/15 [jackal (1)]
   134 | D:1      | HP: 1/15 [jackal (2)]
   140 | D:1      | Gained mutation: When hurt, damage is shared between your health and your magic reserves. [demonic ancestry]
   140 | D:1      | Reached XP level 2. HP: 2/21 MP: 4/4
  1010 | D:2      | Reached skill level 2 in Short Blades
  1042 | D:2      | Gained mutation: You are immune to rotting. [demonic ancestry]
  1042 | D:2      | Reached XP level 3. HP: 20/27 MP: 5/5
  1403 | D:2      | Reached skill level 2 in Fighting
  2447 | D:3      | HP: 4/27 [adder (3)]
  2452 | D:3      | Gained mutation: You have sharp toenails. [demonic ancestry]
  2452 | D:3      | Reached XP level 4. HP: 16/34 MP: 1/6
  2837 | D:3      | Reached skill level 1 in Axes
  3043 | D:2      | Found an ancient bone altar of Kikubaaqudgha.
  3217 | D:4      | Noticed malin's ghost (amateur MfAK)
  3263 | D:4      | Found Sanuny's Antique Weapon Shop.
  3309 | D:4      | HP: 7/34 [worker ant (3)]
  3311 | D:4      | HP: 3/34 [worker ant (1)]
  3312 | D:4      | Succumbed to a worker ant's poison

Skill      XL: |  1  2  3  4 |
---------------+-------------+-----
Short Blades   | 1 2 |  2.2
Fighting       | 2 |  2.8
Axes           | 1 |  1.0
Dodging        | |  1.7
Stealth        | |  0.8
Evocations     | |  3.3

Action                   |  1- 3 |  4- 6 || total
-------------------------+-------+-------++-------
Melee: Short sword       |   150 |       ||   150
       Hand axe          |    39 |    53 ||    92
       Kick              |       |    11 ||    11
Throw: Stone             |    33 |       ||    33
Evoke: Wand              |     6 |     1 ||     7
  Use: Potion            |     3 |       ||     3
 Stab: Sleeping          |     2 |       ||     2
  Eat: Chunk             |     5 |     1 ||     6
       Bread ration      |       |     1 ||     1
Armor: Leather armour    |    77 |    21 ||    98
Dodge: Dodged            |   125 |    38 ||   163

Vault maps used:
D:1:      nicolae_arrival_kraken_aquarium_b
D:2:      lemuel_upstairs_altar, serial_park_tiny_1, minivault_26
D:4:      nicolae_overflow_hidden_temple, serial_shops, nicolae_shop_trees,
          first_bread, uniq_menkaure

Table legend:
 A = Turns spent in this place as a percentage of turns spent in the entire game.
 B = Non-inter-level travel turns spent in this place as a percentage of non-inter-level travel turns spent in the entire game.
 C = Inter-level travel turns spent in this place as a percentage of turns spent in this place.
 D = Turns resting spent in this place as a percentage of non-inter-level travel turns spent in this place.
 E = Turns spent auto-exploring this place as a percentage of non-inter-level travel turns spent in this place.
 F = Non-inter-level travel turns spent in this place divided by the number of levels of this place that you've seen.
                   A       B       C       D       E      F
               +-------+-------+-------+-------+-------+----------------------
         Total | 100.0 | 100.0 |   0.3 |   4.0 |   6.2 | 231.2
       Dungeon | 100.0 | 100.0 |   0.3 |   4.0 |   6.2 | 231.2
               +-------+-------+-------+-------+-------+----------------------

Table legend:
 A = Kills in this place as a percentage of kills in entire the game.
 B = Kills by you in this place as a percentage of kills by you in the entire game.
 C = Kills by friends in this place as a percentage of kills by friends in the entire game.
 D = Other kills in this place as a percentage of other kills in the entire game.
 E = Experience gained in this place as a percentage of experience gained in the entire game.
 F = Experience gained in this place divided by the number of levels of this place that you have seen.
                   A       B       C       D       E      F
               +-------+-------+-------+-------+-------+----------------------
         Total | 100.0 | 100.0 | 100.0 |  -nan | 100.0 |  35.0
       Dungeon | 100.0 | 100.0 | 100.0 |  -nan | 100.0 |  35.0
               +-------+-------+-------+-------+-------+----------------------
